 Dungeon Sprint DCSS version 0.16.2-12-gd0ad4c3 (webtiles) character file.

205 Horhen the Thaumaturge (level 5, -3/28 HPs)
             Began as a Deep Elf Conjurer on Sept 24, 2015.
             Was an Initiate of Vehumet.
             Slain by a yak (8 damage)
             ... in the Dungeon (Sprint I: "Red Sonja").
             The game lasted 00:02:46 (598 turns).

Horhen the Thaumaturge (Deep Elf Conjurer)           Turns: 598, Time: 00:02:46

Health: -3/28      AC:  2    Str:  5    XL:     5   Next: 53%
Magic:  3/26       EV: 13    Int: 21    God:    Vehumet [......]
Gold:   297        SH:  0    Dex: 15    Spells: 5 memorised, 12 levels left

rFire  . . .     SeeInvis .     k - +4 dagger (holy)
rCold  . . .     Clarity  .     a - +0 robe
rNeg   . . .     SustAb   .     (no shield)
rPois  .         Gourm    .     (no helmet)
rElec  .         Spirit   .     (no cloak)
rCorr  .         Warding  .     (no gloves)
rMut   .         NoTele   +     (no boots)
MR     .....                    (no amulet)
Stlth  ++........               (no ring)
                                (no ring)

@: very slightly contaminated, not resistant to hostile enchantments, unstealthy
A: no striking features
a: Renounce Religion


You were in the Dungeon.
You worshipped Vehumet.
Vehumet was noncommittal.
You were hungry.

You visited 1 branch You collected 297 gold pieces.

Inventory:

Hand weapons
 k - a +4 dagger of holy wrath (weapon)
Armour
 a - a +0 robe (worn)
Magical devices
 h - a wand of random effects (22)
Scrolls
 i - a scroll of blinking
 l - a scroll of identify {unknown}
Potions
 d - a potion of curing
 e - a potion of heal wounds
 f - a potion of haste
 g - 2 potions of magic
Books
 c - a book of Conjurations

   Spells                             Type                      Level
   a - Magic Dart                     Conjuration                  1
   b - Searing Ray                    Conjuration                  2
   c - Dazzling Spray                 Conjuration/Hexes            3
   d - Fulminant Prism                Conjuration/Hexes            4
   e - Iskenderun's Mystic Blast      Conjuration                  4
   f - Iskenderun's Battlesphere      Conjuration/Charms           5
Comestibles
 b - a bread ration
 j - a royal jelly


   Skills:
 - Level 2.4 Dodging
 - Level 2.4 Stealth
 * Level 12.1 Spellcasting
 + Level 8.5 Conjurations
 + Level 2.2 Charms


You had 12 spell levels left.
You knew the following spells:

 Your Spells              Type           Power        Failure   Level  Hunger
a - Magic Dart            Conj           ####         1%          1    None
b - Iskenderun's Battles  Conj/Chrm      #####...     21%         5    ####...
c - Searing Ray           Conj           #####.       1%          2    None
d - Iskenderun's Mystic   Conj           #####...     1%          4    None
e - Fulminant Prism       Conj/Hex       ####......   12%         4    None


Dungeon Overview and Level Annotations

Branches:
Dungeon (1/1)

Altars:
Elyvilon
Gozag
Makhleb
Qazlal
Ru
Sif Muna
Vehumet
Xom
Yredelemnul
Zin
The Shining One

Shops:
D (


Message History

Confirm with . or Enter, or press ? or * to list all spells.
You miscast Iskenderun's Battlesphere.
Wisps of smoke drift from your hands. The yak gores you!
* * * LOW HITPOINT WARNING * * *
There is an open door, spattered with blood here.
You see here a giant club.
You hit the yak but do no damage.
The yak is lightly wounded.
The yak barely misses you.
You barely miss the yak.
The yak is lightly wounded.
The yak barely misses you.
You hit the yak but do no damage.
The yak is lightly wounded.
The yak gores you.
* * * LOW HITPOINT WARNING * * *
You hit the yak.
The yak is lightly wounded.
The yak gores you!
You die...

################
#<.#..'..#..'..#
#..'..#..)..#..+
#.)#####'#####'#
#.Y# #..#...#.#
#.@#__####..##(#
#..#_..__##'#..+
#⌠⌠#_.∩...'..._#
####_..._##_.#'#
_ ##+#.# ###


You could see a yak.

Vanquished Creatures
  An ogre (D)
  Sigmund (D)
  A jelly (D)
  Ijyb (D)
  A fulminant prism (D)
5 creatures vanquished.

Vanquished Creatures (others)
  A gargoyle (D)
  A fulminant prism (D)
2 creatures vanquished.

Grand Total: 7 creatures vanquished

Notes
Turn   | Place    | Note
--------------------------------------------------------------
     0 | D        | Horhen, the Deep Elf Conjurer, began the quest for the Orb.
     0 | D        | Reached XP level 1. HP: 10/10 MP: 5/5
     2 | D        | Noticed Ijyb
    14 | D        | Killed Ijyb
    14 | D        | Reached skill level 6 in Spellcasting
    14 | D        | Reached skill level 5 in Conjurations
    14 | D        | Reached XP level 2. HP: 15/15 MP: 6/12
    33 | D        | Learned a level 2 spell: Searing Ray
    58 | D        | Noticed an ogre
    68 | D        | Killed an ogre
    68 | D        | Reached skill level 10 in Spellcasting
    68 | D        | Reached XP level 3. HP: 19/19 MP: 6/20
    68 | D        | Reached XP level 4. HP: 24/24 MP: 6/22
    77 | D        | Learned a level 4 spell: Fulminant Prism
    82 | D        | Learned a level 4 spell: Iskenderun's Mystic Blast
   261 | D        | Killed a gargoyle
   268 | D        | Noticed Sigmund
   275 | D        | Killed Sigmund
   275 | D        | Reached skill level 11 in Spellcasting
   275 | D        | Reached XP level 5. HP: 21/28 MP: 11/25
   288 | D        | Learned a level 5 spell: Iskenderun's Battlesphere
   493 | D        | Found a deep blue altar of Sif Muna.
   494 | D        | Noticed a jelly
   495 | D        | Found a radiant altar of Vehumet.
   501 | D        | Killed a jelly
   501 | D        | Reached skill level 12 in Spellcasting
   568 | D        | Became a worshipper of Vehumet
   570 | D        | Found Kiskesk's Weapon Emporium.
   570 | D        | Found a white marble altar of Elyvilon.
   570 | D        | Found a burning altar of Makhleb.
   570 | D        | Found a sacrificial altar of Ru.
   570 | D        | Found a glowing golden altar of the Shining One.
   570 | D        | Found an opulent altar of Gozag.
   570 | D        | Found a glowing silver altar of Zin.
   570 | D        | Noticed a yak
   571 | D        | Found a stormy altar of Qazlal.
   571 | D        | Found a basalt altar of Yredelemnul.
   571 | D        | Found a shimmering altar of Xom.
   598 | D        | Slain by a yak

Action                   |  1- 3 |  4- 6 || total
-------------------------+-------+-------++-------
Melee: Unarmed           |    11 |       ||    11
       Dagger            |       |     4 ||     4
 Cast: Searing Ray       |     1 |     2 ||     3
       Fulminant Prism   |       |     2 ||     2
       Iskenderun's Batt |       |     3 ||     3
       Iskenderun's Myst |       |     2 ||     2
  Use: Potion            |     1 |       ||     1
